 Dungeon Crawl Stone Soup version 0.22.1-2-g9c5b331 (webtiles) character file.

36523 whitewolfNL the Carver (level 13, -7/116 HPs)
             Began as a Minotaur Berserker on Dec 18, 2018.
             Was the Champion of Trog.
             Splashed by Sonja's acid (10 damage)
             ... on level 3 of the Lair of Beasts.
             The game lasted 01:30:43 (15332 turns).

whitewolfNL the Carver (Minotaur Berserker)        Turns: 15332, Time: 01:30:43

Health: -7/116     AC: 22    Str: 27    XL:     13   Next: 53%
Magic:  0/17       EV: 16    Int:  5    God:    Trog [******]
Gold:   424        SH:  6    Dex: 14    Spells: 12/12 levels left

rFire    + . .     SeeInvis .   U - +3 scimitar (flame)
rCold    + . .     Gourm    .   O - +1 buckler "Cinem" {-Tele Str+5 Slay+5}
rNeg     + . .     Faith    .   n - +8 ring mail "Fiapasoj" {MR+}
rPois    .         Spirit   +   (helmet restricted)
rElec    .         Reflect  .   G - scarf {rC+ rF+}
rCorr    .         Harm     .   (no gloves)
MR       +....     NoTele   +   J - +2 pair of boots {Stlth+}
Stlth    ++........             S - amulet of guardian spirit
HPRegen  0.29/turn              h - +6 ring of protection
MPRegen  0.15/turn              I - ring of positive energy

@: no status effects
A: retaliatory headbutt, horns 2, deformed body
a: Berserk, Trog's Hand, Brothers in Arms, Renounce Religion


You were on level 3 of the Lair of Beasts.
You worshipped Trog.
Trog was exalted by your worship.
You were not hungry.

You visited 2 branches of the dungeon, and saw 14 of its levels.
You visited the Abyss 1 time.
You also visited: Ossuary.

You collected 1002 gold pieces.
You spent 578 gold pieces at shops.

Inventory:

Hand Weapons
 j - a +0 morningstar
 C - a +6 double sword
 M - the +9 great sword "Dragonslayer" {drain, Dex+7}
   (Trog gifted it to you on level 8 of the Dungeon)

   A truly terrible weapon, it drains the life of those it strikes.
   It affects your dexterity (+7).
 T - a +0 hand crossbow
 U - a +3 scimitar of flaming (weapon)
Missiles
 b - 5 throwing nets (quivered)
 e - 65 sling bullets
 f - 166 arrows
 o - 9 bolts
 t - 5 poisoned javelins
Armour
 n - the +8 ring mail "Fiapasoj" (worn) {MR+}
   (You found it on level 2 of the Lair of Beasts)

   It affects your resistance to hostile enchantments.
 G - a scarf of resistance (worn)
 J - a +2 pair of boots of stealth (worn)
 O - the +1 buckler "Cinem" (worn) {-Tele Str+5 Slay+5}
   (You found it on level 9 of the Dungeon)

   It affects your strength (+5).
   It affects your accuracy and damage with ranged weapons and melee attacks
   (+5).
   It prevents most forms of teleportation.
 R - a +0 plate armour
Jewellery
 a - an uncursed amulet of guardian spirit
 g - an uncursed ring of stealth
 h - a +6 ring of protection (left hand)
 I - a ring of positive energy (right hand)
 S - an amulet of guardian spirit (around neck)
Wands
 d - a wand of random effects (28)
 u - a wand of disintegration (11)
 E - a wand of iceblast (8)
 N - a wand of polymorph (17)
 Q - a wand of flame (31)
 Y - a wand of acid (5)
Scrolls
 i - 8 scrolls of teleportation
 k - 7 scrolls of enchant weapon
 m - a scroll of vulnerability {unknown}
 p - 4 scrolls of fog
 r - 3 scrolls of remove curse
 w - 2 scrolls of magic mapping
 y - a scroll of brand weapon {unknown}
 L - 3 scrolls of immolation
 W - 2 scrolls of fear
Potions
 l - a potion of degeneration {unknown}
 q - 2 potions of haste
 v - a potion of cancellation {unknown}
 x - a potion of lignification {unknown}
 A - a potion of berserk rage {unknown}
 B - 3 potions of resistance
 D - 3 potions of mutation
 F - 2 potions of might {unknown}
 H - 4 potions of flight {unknown}
 K - 2 potions of ambrosia
 P - a potion of brilliance {unknown}
 V - 2 potions of heal wounds {unknown}
Miscellaneous
 z - a lightning rod (1/4)
Comestibles
 c - 26 rations


   Skills:
 * Level 11.5 Fighting
 * Level 14.4 Long Blades
 + Level 11.0 Maces & Flails
   Level 4.1 Polearms
 * Level 11.3 Armour
 * Level 8.4 Dodging
 - Level 1.0 Stealth
 - Level 6.1 Shields
 * Level 6.8 Evocations


You had 12 spell levels left.
You didn't know any spells.
Your spell library was empty.

Dungeon Overview and Level Annotations

Branches:
Dungeon (11/15)            Temple (0/1) D:5            Lair (3/6) D:11
  Swamp (0/4) Lair:2        Snake (0/4) Lair:2
    Orc: D:9-12

Altars:
Ashenzari
Elyvilon
Fedhas
Gozag
Hepliaklqana
Kikubaaqudgha
Makhleb
Okawaru
Qazlal
Sif Muna
Trog
Vehumet
Zin
The Shining One

Shops:
D:6 [   D:8 =   D:9 *

Annotations:
Lair:3 Sonja


Innate Abilities, Weirdness & Mutations

You reflexively headbutt those who attack you in melee.
You have a pair of horns on your head.
Armour fits poorly on your strangely shaped body.


Message History

You destroy the bone dragon!
Trog accepts your kill.
Your lightning rod (1/4) has regained one charge.
Training target 6.0 for Shields reached!
Your Shields skill increases to level 6!
The substance of the Abyss twists violently, and a gateway leading out appears!
A lich comes into view.
The lich shouts!
The lich casts a spell at you.
You feel haunted.
There is a gateway leading out of the Abyss here.
You block the phantasmal warrior's attack.
The hungry ghost hits you.
You feel a lot more hungry.
You pass through the gate.
Welcome back to the Lair of Beasts!
Level annotation: Sonja Sonja zaps a wand.
The bolt of acid hits you!
* * * LOW HITPOINT WARNING * * *
You are splashed with acid!
The acid burns!
You die...

#......###..# #.
###...........#
##
#............## #
##...........###
.
#P##(.........###
#. ##
##........K..# #.
#............ #.
###..........
##.@.......
#.#(.......
####....#.. #..##
.... ...... #....
##.. ..


You could see Sonja.

Vanquished Creatures
  A bone dragon (Abyss:2)
  A tentacled starspawn (Abyss:2)
  A revenant (Abyss:2)
  Harold (D:10)
  A hydra (Lair:2)
  Erica (D:9)
  A two-headed ogre (D:9)
  A queen ant (Lair:2)
  Urug (D:11)
  A thrashing horror (Abyss:2)
  Nergalle (D:10)
  A manticore (D:11)
  2 oklob plants (Lair:1)
  3 black mambas
  Joseph (Lair:1)
  4 spiny frogs
  4 smoke demons (Abyss:2)
  A rime drake (Lair:2)
  A kobold demonologist (D:11)
  2 komodo dragons
  3 trolls
  A tengu conjurer (D:10)
  A hornet (D:7)
  Prince Ribbit (D:8)
  4 hippogriffs
  An ice dragon zombie (Abyss:2)
  Sigmund (D:2)
  2 large abominations (Abyss:2)
  2 hungry ghosts (D:9)
  26 yaks
  A fire elemental (Abyss:2)
  3 neqoxecs (Abyss:2)
  A chaos spawn (Abyss:2)
  Grum (D:9)
  2 steam dragons
  2 nagas (Lair:2)
  20 soldier ants (Lair:2)
  Duvessa (D:6)
  5 water moccasins
  6 ice beasts
  9 porcupines
  3 orc warriors
  An eye of draining (D:10)
  5 phantoms
  2 sky beasts (D:9)
  3 black bears
  6 wolves
  3 necrophages
  4 ogres
  4 crocodiles
  4 centaurs
  4 big kobolds
  12 bullfrogs
  Blork the orc (D:6)
  2 elf zombies (Ossuary)
  Dowan (D:6)
  A wyvern skeleton (D:7)
  5 scorpions
  2 small abominations (Abyss:2)
  A water moccasin skeleton (D:5)
  7 killer bees (D:7)
  5 electric eels (Lair:2)
  5 howler monkeys
  A crimson imp (D:8)
  5 bullfrog zombies
  4 centaur zombies
  A quasit (D:9)
  3 hounds
  6 orc priests
  2 centaur skeletons (D:4)
  5 jellies
  Jessica (D:2)
  2 bullfrog skeletons
  4 iguanas
  11 orc wizards
  27 worker ants
  A big kobold zombie (Ossuary)
  4 hound zombies
  A hound skeleton (D:9)
  5 mummies
  A worker ant zombie (D:10)
  A howler monkey skeleton (D:4)
  3 gnolls (D:7)
  14 adders
  3 shadow imps
  An adder skeleton (D:4)
  7 adder zombies (Ossuary)
  4 worms
  4 dart slugs
  6 leopard geckos
  29 orcs
  7 ball pythons
  9 bats
  10 giant cockroaches
  8 hobgoblins
  20 jackals
  26 kobolds
  8 quokkas
  2 frilled lizards (D:1)
  4 goblin zombies
  7 hobgoblin zombies (Ossuary)
  4 jackal zombies
  4 kobold zombies (Ossuary)
  2 orc zombies (Ossuary)
  A quokka zombie (Ossuary)
  10 rats
  2 rat zombies (Ossuary)
  A fungus (D:6)
  A plant (Lair:1)
  A starspawn tentacle (Abyss:2)
487 creatures vanquished.

Vanquished Creatures (others)
  An adder skeleton (D:7)
  49 fungi
  20 plants (D:11)
  A starspawn tentacle (Abyss:2)
  A withered plant (D:8)
72 creatures vanquished.

Grand Total: 559 creatures vanquished

Notes
Turn   | Place    | Note
-------+----------+-------------------------------------------
     0 | D:1      | whitewolfNL the Minotaur Berserker began the quest for the
                  | Orb.
     0 | D:1      | Reached XP level 1. HP: 19/19 MP: 0/0
   162 | D:1      | Reached XP level 2. HP: 27/27 MP: 1/1
   519 | D:1      | Reached XP level 3. HP: 21/33 MP: 2/2
   797 | D:1      | Reached ** piety under Trog
  1013 | D:2      | Noticed Sigmund
  1023 | D:2      | Killed Sigmund
  1023 | D:2      | Reached skill level 5 in Maces & Flails
  1023 | D:2      | Reached XP level 4. HP: 41/41 MP: 3/3
  1023 | D:2      | Reached XP level 5. HP: 47/47 MP: 4/4
  1063 | D:2      | Noticed Jessica
  1067 | D:2      | Killed Jessica
  1067 | D:2      | Reached skill level 1 in Stealth
  1195 | D:2      | Reached XP level 6. HP: 55/55 MP: 5/5
  1276 | D:2      | Reached skill level 5 in Fighting
  1462 | D:2      | Found a burning altar of Makhleb.
  1465 | D:2      | Found a hazy altar of Hepliaklqana.
  1498 | D:2      | Found a blossoming altar of Fedhas.
  1499 | D:2      | Found a white marble altar of Elyvilon.
  1938 | D:3      | Reached skill level 1 in Polearms
  1941 | D:3      | Found an iron altar of Okawaru.
  2492 | D:4      | Found a bloodstained altar of Trog.
  2495 | D:4      | Found an opulent altar of Gozag.
  2502 | D:4      | Found a radiant altar of Vehumet.
  2512 | D:4      | Found an iron altar of Okawaru.
  2513 | D:4      | Found an ancient bone altar of Kikubaaqudgha.
  2745 | D:4      | Reached *** piety under Trog
  2849 | D:4      | Reached XP level 7. HP: 58/61 MP: 6/6
  3007 | D:4      | Found a shattered altar of Ashenzari.
  3271 | D:4      | Found a deep blue altar of Sif Muna.
  3533 | D:5      | Entered Level 5 of the Dungeon
  3542 | D:5      | Found a glowing silver altar of Zin.
  3657 | D:5      | Found a staircase to the Ecumenical Temple.
  4086 | D:5      | Reached **** piety under Trog
  4086 | D:5      | Reached skill level 5 in Armour
  4258 | D:6      | Noticed Duvessa
  4269 | D:6      | Killed Duvessa
  4269 | D:6      | Noticed Dowan
  4270 | D:6      | Reached skill level 1 in Evocations
  4324 | D:6      | Noticed Blork the orc
  4328 | D:6      | Reached XP level 8. HP: 70/70 MP: 7/7
  4331 | D:6      | Killed Blork the orc
  4432 | D:6      | Found a sand-covered staircase.
  4439 | Ossuary  | Entered an ossuary
  4811 | D:6      | Found a shattered altar of Ashenzari.
  4814 | D:6      | Reached ***** piety under Trog
  4887 | D:6      | Found Siloxtop's Armour Boutique.
  4910 | D:6      | Bought a +2 pair of boots of stealth for 258 gold pieces
  4955 | D:6      | Killed Dowan
  5101 | D:7      | Noticed a hornet
  5110 | D:7      | Paralysed by a hornet for 1 turns
  5512 | D:7      | Reached XP level 9. HP: 72/79 MP: 9/9
  5617 | D:7      | Paralysed by a hornet for 3 turns
  6204 | D:7      | Reached skill level 5 in Dodging
  6733 | D:8      | Reached skill level 10 in Maces & Flails
  6818 | D:8      | Noticed Prince Ribbit
  6826 | D:8      | Received a gift from Trog
  6859 | D:8      | Got a twisted great sword {god gift}
  6861 | D:8      | Paralysed by fainting for 11 turns
  6898 | D:8      | Killed Prince Ribbit
  6933 | D:8      | Identified the +9 great sword "Dragonslayer" {drain, Dex+7}
                  | (Trog gifted it to you on level 8 of the Dungeon)
  7286 | D:8      | Reached skill level 1 in Long Blades
  7293 | D:8      | Found Ovy Uwal's Jewellery Emporium.
  7335 | D:8      | Reached XP level 10. HP: 69/88 MP: 11/11
  7352 | D:8      | Reached skill level 2 in Long Blades
  7896 | D:9      | Reached skill level 3 in Long Blades
  8131 | D:9      | Reached skill level 4 in Long Blades
  8135 | D:9      | Identified the Disquisition on Talismans and Evil
  8251 | D:9      | Reached skill level 5 in Long Blades
  8251 | D:9      | Noticed a two-headed ogre
  8258 | D:9      | Killed a two-headed ogre
  8258 | D:9      | Reached skill level 6 in Long Blades
  8337 | D:9      | Noticed Grum
  8350 | D:9      | Killed Grum
  8390 | D:9      | Reached skill level 7 in Long Blades
  8592 | D:9      | Got a dazzling buckler
  8599 | D:9      | Identified the +1 buckler "Cinem" {-Tele Str+5 Slay+5} (You
                  | found it on level 9 of the Dungeon)
  8709 | D:9      | Noticed Erica
  8714 | D:9      | Killed Erica
  8714 | D:9      | Reached skill level 8 in Long Blades
  8714 | D:9      | Reached XP level 11. HP: 95/95 MP: 3/13
  8783 | D:9      | Found a stormy altar of Qazlal.
  8822 | D:9      | Found a glowing golden altar of the Shining One.
  9033 | D:9      | Found Deuthrext's General Store.
  9036 | D:9      | Bought a potion of mutation for 80 gold pieces
  9036 | D:9      | Bought 2 potions of curing for 60 gold pieces
  9036 | D:9      | Bought a scroll of teleportation for 30 gold pieces
  9036 | D:9      | Bought a scroll of identify for 20 gold pieces
  9036 | D:9      | Bought a potion of resistance for 100 gold pieces
  9036 | D:9      | Bought a scroll of remove curse for 30 gold pieces
  9262 | D:10     | Entered Level 10 of the Dungeon
  9264 | D:10     | Reached skill level 1 in Shields
  9336 | D:10     | Noticed Nergalle
  9348 | D:10     | Killed Nergalle
  9348 | D:10     | Reached skill level 9 in Long Blades
  9482 | D:10     | Received a gift from Trog
  9618 | D:10     | Noticed Harold
  9622 | D:10     | Killed Harold
 10042 | D:11     | Reached skill level 10 in Long Blades
 10120 | D:11     | Received a gift from Trog
 10391 | D:11     | Noticed Urug
 10401 | D:11     | Reached skill level 5 in Evocations
 10407 | D:11     | Killed Urug
 10730 | D:11     | Found a staircase to the Lair.
 10768 | D:11     | Reached skill level 11 in Long Blades
 11170 | D:11     | Reached XP level 12. HP: 106/106 MP: 14/14
 11385 | Lair:1   | Entered Level 1 of the Lair of Beasts
 11390 | Lair:1   | Noticed Joseph
 11403 | Lair:1   | Killed Joseph
 11442 | Lair:1   | Reached skill level 10 in Fighting
 11442 | Lair:1   | Reached skill level 10 in Armour
 11692 | Lair:1   | Reached skill level 12 in Long Blades
 13117 | Lair:2   | Noticed a seven-headed hydra
 13127 | Lair:2   | Killed a four-headed hydra
 13189 | Lair:2   | Reached skill level 13 in Long Blades
 13195 | Lair:2   | Noticed a queen ant
 13214 | Lair:2   | Killed a queen ant
 13280 | Lair:2   | Reached ****** piety under Trog
 13544 | Lair:2   | Reached skill level 5 in Shields
 13603 | Lair:2   | Found a staircase to the Snake Pit.
 13610 | Lair:2   | Received a gift from Trog
 13642 | Lair:2   | Found a staircase to the Swamp.
 14412 | Lair:2   | Got a bronze ring mail
 14423 | Lair:2   | Identified the +8 ring mail "Fiapasoj" {MR+} (You found it
                  | on level 2 of the Lair of Beasts)
 14822 | Lair:3   | Reached XP level 13. HP: 111/115 MP: 14/16
 14921 | Lair:3   | Noticed Sonja
 14927 | Lair:3   | Cast into level 2 of the Abyss (Sonja)
 15004 | Abyss:2  | Noticed a tentacled starspawn
 15008 | Abyss:2  | Killed a tentacled starspawn
 15153 | Abyss:2  | Noticed a tentacled starspawn
 15179 | Abyss:2  | Noticed a revenant
 15191 | Abyss:2  | Killed a revenant
 15191 | Abyss:2  | Reached skill level 14 in Long Blades
 15276 | Abyss:2  | Gained mutation: Armour fits poorly on your strangely
                  | shaped body. [a neqoxec]
 15292 | Abyss:2  | Noticed a bone dragon
 15310 | Abyss:2  | HP: 3/116 [bone dragon (8)]
 15328 | Abyss:2  | Killed a bone dragon
 15330 | Abyss:2  | Noticed a lich
 15332 | Lair:3   | Escaped the Abyss
 15332 | Lair:3   | HP: 3/116 [Sonja/wand of acid (10) (18)]
 15332 | Lair:3   | Splashed by Sonja's acid

Skill      XL: |  1  2  3  4  5  6  7  8  9 10 11 12 13 |
---------------+----------------------------------------+-----
Maces & Flails | 4 5 6 7 9 11 | 11.0
Fighting       | 4 5 7 8 9 10 11 | 11.5
Armour         | 3 4 5 6 8 9 10 11 | 11.3
Dodging        | 3 4 5 6 7 8 |  8.4
Stealth        | 1 |  1.0
Polearms       | 2 3 4 |  4.1
Evocations     | 1 2 3 4 5 6 |  6.8
Long Blades    | 1 8 11 13 14 | 14.4
Shields        | 3 5 6 |  6.1

Action                   |  1- 3 |  4- 6 |  7- 9 | 10-12 | 13-15 || total
-------------------------+-------+-------+-------+-------+-------++-------
Melee: Mace              |    82 |     2 |       |       |       ||    84
       Headbutt          |    12 |    10 |    74 |   118 |    40 ||   254
       Scythe            |       |    73 |    42 |       |       ||   115
       Morningstar       |       |       |   306 |       |       ||   306
       Great sword       |       |       |    15 |   293 |       ||   308
       Scimitar          |       |       |       |   130 |    80 ||   210
Throw: Throwing net      |       |       |     1 |       |       ||     1
Invok: Berserk           |     1 |     2 |    15 |    21 |     5 ||    44
Evoke: Wand              |       |       |       |    34 |     2 ||    36
       Lightning rod     |       |       |       |     2 |     5 ||     7
  Use: Scroll            |       |     3 |    12 |     7 |     1 ||    23
       Potion            |       |       |     3 |     3 |     4 ||    10
 Stab: Sleeping          |     3 |     4 |       |       |       ||     7
  Eat: Chunk             |       |     9 |    14 |    36 |     2 ||    61
       Ration            |       |       |     4 |     3 |     2 ||     9
Armor: Animal skin       |     3 |       |       |       |       ||     3
       Ring mail         |    27 |    43 |    24 |       |    64 ||   158
       Scale mail        |       |       |    96 |       |       ||    96
       Chain mail        |       |       |   140 |    14 |       ||   154
       Plate armour      |       |       |       |   266 |       ||   266
Dodge: Dodged            |    55 |    92 |   314 |   264 |    64 ||   789
Block: Buckler           |       |       |       |    33 |    25 ||    58
       Rpst.: Great sword |       |       |     3 |    61 |       ||    64
       Scimitar          |       |       |       |    10 |    13 ||    23
